 Dungeon Crawl Stone Soup version 0.25-a0-707-g603da076d2 (webtiles) character file.

Game seed: 15931748048126888731, levelgen mode: deterministic

325 ipx the Vexing (level 6, 0/36 HPs)
             Began as a Gargoyle Arcane Marksman on Apr 2, 2020.
             Was an Initiate of Ru.
             Killed by divine providence
             ... invoked by an orc priest
              (11 damage)
             ... on level 4 of the Dungeon on Apr 4, 2020.
             The game lasted 00:26:51 (1534 turns).

ipx the Vexing (Gargoyle Arcane Marksman)           Turns: 1534, Time: 00:26:52

Health: 0/36       AC: 13    Str: 14    XL:     6   Next: 48%
Magic:  4/9        EV:  9    Int: 15    God:    Ru [......]
Gold:   122        SH:  0    Dex: 10    Spells: 3/9 levels left

rFire    + . .     SeeInvis .   a - +0 spear
rCold    . . .     Gourm    .   (no shield)
rNeg     + . .     Faith    .   d - +2 scale mail {rF+}
rPois    ∞         Spirit   .   (no helmet)
rElec    +         Reflect  .   (no cloak)
rCorr    .         Harm     .   k - +0 pair of gloves
MR       .....                  (no boots)
Stlth    ..........             (no amulet)
HPRegen  0.12/turn              w - ring of wizardry
MPRegen  0.11/turn              (no ring)

@: no status effects
A: negative energy resistance 1, electricity resistance, unbreathing,
petrification resistance, rot immunity, AC +4
a: Renounce Religion


You were on level 4 of the Dungeon.
You worshipped Ru.
Ru was noncommittal.
You were near starving.

You visited 2 branches of the dungeon, and saw 5 of its levels.

You collected 122 gold pieces.

Inventory:

Hand Weapons
 a - a +0 spear (weapon)
Missiles
 e - 2 datura-tipped darts (quivered)
 h - 9 poisoned darts
Armour
 d - a +2 scale mail of fire resistance (worn)
 g - a +0 ring mail
 k - a +0 pair of gloves (worn)
Jewellery
 w - a ring of wizardry (left hand)
Wands
 b - a wand of clouds (4)
Scrolls
 j - a scroll of fear {unknown}
 l - a scroll of enchant weapon {unknown}
Comestibles
 f - 4 rations


   Skills:
 + Level 2.8 Fighting
 - Level 4.0 Throwing
 - Level 1.5 Dodging
 - Level 2.0 Spellcasting
 + Level 4.1 Hexes
 + Level 1.0 Translocations


You had 3 spell levels left.
You knew the following spells:

 Your Spells              Type           Power        Failure   Level  Hunger
a - Portal Projectile     Hex/Tloc       #.....       38%         3    ###....
c - Corona                Hex            ##.....      8%          1    #......
s - Slow                  Hex            ##......     12%         2    ###....

Your spell library contained the following spells:

 Spells                   Type           Power        Failure   Level  Hunger
 Inner Flame              Hex/Fire       #.......     45%         3    ###....
 Cause Fear               Hex            ##........   56%         4    #####..
 Leda's Liquefaction      Hex/Erth       #.........   83%         4    #####..


Dungeon Overview and Level Annotations

Branches:
Dungeon (4/15)             Temple (1/1) D:4

Altars:
Ashenzari
Cheibriados
Dithmenos
Elyvilon
Fedhas
Gozag
Hepliaklqana
Kikubaaqudgha
Nemelex Xobeh
Okawaru
Qazlal
Ru
Sif Muna
Trog
Uskayaw
Vehumet
Wu Jian
Xom
Yredelemnul
Zin
The Shining One


Innate Abilities, Weirdness & Mutations

You are resistant to torment.
Your stone body is resilient. (AC +4)
You are immune to poison.
You resist negative energy. (rN+)
You are resistant to electric shocks. (rElec)
You can survive without breathing.
You are immune to petrification.
You are immune to rotting.


Message History

The orc priest calls down the wrath of Beogh upon you.
Pain shoots through your body!
* * * LOW HITPOINT WARNING * * *
Your scale mail prevents you from hitting the orc priest.
The orc priest is moderately wounded.
The orc priest barely misses you.
You closely miss the orc priest.
The orc priest is lightly wounded.
The orc priest barely misses you.
You closely miss the orc priest.
The orc priest is lightly wounded.
The orc priest hits you but does no damage.
You barely miss the orc priest.
The orc priest is lightly wounded.
The orc priest barely misses you.
You closely miss the orc priest.
The orc priest is lightly wounded.
The orc priest mumbles some strange prayers to Beogh against you.
Beogh smites you!
You die...

#..#######.#.####,,,*********,**,
#..# #.,.......#*,** *,**,
#..####....#....#*,# ****,**,
#.......#..#..#.#*.# *,,,,,,,
#..####....#.$.(##.#####**,**,**,
#..# *#..#####)(.......,,,,,,,,,
...#####.## ##.######******,***
..........# #o# *,,,,,,,*
...#####..######@# *,******* #.##
#.........# *,* ##*
#.#########*****,*
#..,,,,,,,,,,,,,,*
###***************


You could see an orc priest.

Vanquished Creatures
  A big kobold (D:3)
  2 scorpions
  Ijyb (D:3)
  A worker ant (D:4)
  3 gnolls (D:3)
  3 adders
  2 worms
  3 orcs
  6 bats
  2 giant cockroaches
  4 goblins
  A hobgoblin (D:1)
  8 jackals
  A quokka (D:3)
  A frilled lizard (D:1)
  5 kobolds
  8 rats
52 creatures vanquished.

Notes
Turn   | Place    | Note
-------+----------+-------------------------------------------
     0 | D:1      | ipx the Gargoyle Arcane Marksman began the quest for the
                  | Orb.
     0 | D:1      | Reached XP level 1. HP: 12/12 MP: 2/2
   135 | D:1      | Reached XP level 2. HP: 14/17 MP: 1/3
   323 | D:1      | Learned a level 2 spell: Slow
   424 | D:2      | Reached XP level 3. HP: 14/21 MP: 1/4
   548 | D:3      | Noticed a big kobold
   578 | D:3      | Killed a big kobold
   578 | D:3      | Reached XP level 4. HP: 26/26 MP: 5/5
   666 | D:3      | Noticed Ijyb
   693 | D:3      | Reached XP level 5. HP: 27/30 MP: 4/6
   937 | D:3      | Killed Ijyb
  1171 | D:3      | Learned a level 3 spell: Portal Projectile
  1251 | D:2      | Reached XP level 6. HP: 34/36 MP: 7/9
  1343 | D:4      | Found a staircase to the Ecumenical Temple.
  1352 | Temple   | Entered the Ecumenical Temple
  1390 | Temple   | Upgraded the game from 0.25-a0-700-g7f8a7979f0 to
                  | 0.25-a0-707-g603da076d2
  1395 | Temple   | Became a worshipper of Ru the Awakened
  1528 | D:4      | Reached skill level 1 in Translocations
  1534 | D:4      | Killed from afar by an orc priest

Levels and vault maps discovered:
D:1:      lemuel_arrival_rhombus, layout_loops_ring,
          hangedman_abyss_or_decor_lesser_grid
D:2:      layout_basic
D:3:      layout_loops_corners, uniq_grinder, uniq_robin, uniq_ijyb
D:4:      layout_loops_ring, temple_pool_b, first_ration,
          hangedman_abyss_or_decor_passed
Temple:   kilobyte_greek_temple

Skill      XL: |  1  2  3  4  5  6 |
---------------+-------------------+-----
Throwing       | 2 3 4 |  4.0
Fighting       | 2 |  2.8
Hexes          | 3 4 |  4.1
Spellcasting   | 2 |  2.0
Translocations | 1 |  1.0
Dodging        | |  1.5

Action                   |  1- 3 |  4- 6 || total
-------------------------+-------+-------++-------
Melee: Dagger            |    66 |    40 ||   106
       Spear             |       |    76 ||    76
Throw: Javelin           |    26 |    14 ||    40
       Throwing net      |     2 |       ||     2
       Dart              |    14 |    20 ||    34
 Cast: Corona            |    26 |    16 ||    42
       Slow              |     1 |    15 ||    16
  Use: Potion            |       |     4 ||     4
       Scroll            |       |     2 ||     2
 Stab: Held in net/web   |     1 |       ||     1
  Eat: Chunk             |       |     4 ||     4
Armor: Robe              |    36 |       ||    36
       Ring mail         |     1 |    31 ||    32
       Scale mail        |       |    54 ||    54
Dodge: Dodged            |    62 |    69 ||   131

Table legend:
 A = Non-vault XP
 B = Vault XP
 C = Vault XP percentage of total XP
 D = Non-vault monster count
 E = Vault monster count
 F = Vault count percentage of total count
                 A         B        C        D         E       F
            +---------+---------+-------+---------+---------+-------
      Total |     429 |      36 |   7.7 |      51 |       1 |   1.9
            +---------+---------+-------+---------+---------+-------
        D:1 |      26 |       0 |   0.0 |      17 |       0 |   0.0
        D:2 |      34 |       0 |   0.0 |      11 |       0 |   0.0
        D:3 |     240 |      36 |  13.0 |      17 |       1 |   5.6
        D:4 |     129 |       0 |   0.0 |       6 |       0 |   0.0
            +---------+---------+-------+---------+---------+-------
